 Dungeon Crawl Stone Soup version 0.31.0-11-ge490571c62 (webtiles) character file.

Game seed: 2695871984858087920

95 Orangeyouglad the Apothecary (level 4, 24/24 HPs)
             Began as a Deep Elf Alchemist on Jan 28, 2024.
             Quit the game on level 3 of the Dungeon.
             The game lasted 00:07:20 (2282 turns).

Orangeyouglad the Apothecary (Deep Elf Alchemist)   Turns: 2282, Time: 00:07:20

Health: 24/24      AC:  4    Str:  7    XL:     4   Next: 39%
Magic:  2/11       EV: 14    Int: 20    God:
Gold:   113        SH:  0    Dex: 21    Spells: 4/10 levels left

rFire   + . .        o - +0 dagger (flame)
rCold   x . .        (no shield)
rNeg    . . .        a - +0 robe
rPois   .            j - +0 helmet
rElec   .            (no cloak)
rCorr   .            n - +0 pair of gloves
SInv    .            (no boots)
Will    .....        (no amulet)
Stlth   +++          i - ring of fire
HPRegen 0.24/turn    p - +6 ring of dexterity
MPRegen 0.12/turn

%: no passive effects
@: no status effects
A: no striking features
a: no special abilities


You were on level 3 of the Dungeon.
You visited 1 branch of the dungeon, and saw 3 of its levels.

You collected 113 gold pieces.

Inventory:

Hand Weapons
 o - a +0 dagger of flaming (weapon)
Missiles
 h - 5 javelins
Armour
 a - a +0 robe (worn)
 j - a +0 helmet (worn)
 l - a +0 buckler
 n - a +0 pair of gloves (worn)
Magical Staves
 e - a staff of death
Jewellery
 i - a ring of fire (left hand)
 p - a +6 ring of dexterity (right hand)
 q - the ring "Eholuu" {rElec Will+ SInv}
   (You found it on level 3 of the Dungeon)

   [ring of see invisible]

   rElec:     It insulates you from electricity.
   Will+:     It increases your willpower.
   SInv:      It lets you see invisible.
Talismans
 k - a flux talisman
Scrolls
 c - a scroll of butterflies {unknown}
 m - a scroll of identify {unknown}
Potions
 b - a potion of magic
 d - a potion of heal wounds {unknown}
 f - a potion of resistance {unknown}
 g - 2 potions of might {unknown}


   Skills:
 + Level 3.3 Dodging
 + Level 3.4 Stealth
 + Level 3.8 Spellcasting
 + Level 2.3 Conjurations
 + Level 3.9 Alchemy


You had 4 spell levels left.
You knew the following spells:

 Your Spells              Type           Power      Damage    Failure   Level
a - Sting                 Conj/Alch      64%        1d7       3%          1
b - Mercury Vapours       Alch/Air       22%        N/A       9%          2
c - Mephitic Cloud        Conj/Alch/Air  12%        N/A       17%         3

Your spell library contained the following spells:

 Spells                   Type           Power      Damage    Failure   Level
 Olgreb's Toxic Radiance  Alch           19%        N/A       26%         4
 Sticky Flame             Fire/Alch      17%        2d5       50%         4


Dungeon Overview and Level Annotations

Branches:
Dungeon (3/15)

Altars:


Message History

Aim: a goblin, wielding a +0 club (severely wounded, poisoned, 67% to hit)
The sting hits the goblin.
The goblin looks even sicker.
You kill the goblin!
Aiming: Sting (safe; 3% risk of failure)
Press: ? - help, Q - select action, (/) - cycle Shift-Dir - straight line, f - you
Okay, then.
Things that are here:
a +0 club; a goblin corpse
Aiming: Sting (safe; 3% risk of failure)
Press: ? - help, Q - select action, (/) - cycle Shift-Dir - straight line, f - frilled lizard
Aim: a frilled lizard (57% to hit)
The sting misses the frilled lizard.
You don't have enough magic to cast this spell.
You don't have enough magic to cast this spell.
You see here a +0 dagger.
You see here 10 gold pieces.
You see here 10 gold pieces.
You now have 113 gold pieces (gained 10).
The frilled lizard misses you.
You miss the frilled lizard. The frilled lizard misses you.
You hit the frilled lizard. You burn the frilled lizard.
You kill the frilled lizard!
Things that are here:
a +0 club; a goblin corpse Saving game... please wait.
Welcome back, Orangeyouglad the Deep Elf Alchemist.
Press ? for a list of commands and other information.
Aiming: Sting (safe; 3% risk of failure)
Press: ? - help, Q - select action, (/) - cycle Shift-Dir - straight line, f - you
Okay, then.
You see here a +0 dagger.
Unknown command.
Casting: Sting (safe; 3% risk of failure)
Confirm with . or Enter, or press ? or * to list all spells.
You can't see any susceptible monsters within range! (Use Z to cast anyway.)
Casting: Sting (safe; 3% risk of failure)
Confirm with . or Enter, or press ? or * to list all spells.
Aiming: Mercury Vapours (safe; 9% risk of failure)
Press: ? - help, Dir - move target, f - you Are you sure you want to abandon this character and quit the game? (Confirm with "yes".)

#### #... #... #... ##...
#..## ################
######.##
...............# #..##..#
.......)).@...####..#..##
.........).....#.#.##.##
..?...⌠..)....).#.#...#
...............#.#.####
..............####..#
...............# #..#
################ ####


There were no monsters in sight!

Vanquished Creatures
  2 adders (D:2)
  2 dart slugs (D:1)
  3 ribbon worms
  An orc (D:3)
  3 ball pythons
  3 endoplasms
  3 giant cockroaches
  9 goblins
  8 hobgoblins
  3 jackals (D:2)
  5 kobolds
  4 quokkas
  3 bats
  6 frilled lizards
  5 rats
60 creatures vanquished.

Notes
Turn   | Place    | Note
-------+----------+-------------------------------------------
     0 | D:1      | Orangeyouglad the Deep Elf Alchemist began the quest for
                  | the Orb.
     0 | D:1      | Reached XP level 1. HP: 10/10 MP: 6/6
     3 | D:1      | You fall into a shaft and drop 1 floor!
   185 | D:1      | Reached XP level 2. HP: 15/15 MP: 5/8
   415 | D:1      | Learned a level 2 spell: Mercury Vapours
   802 | D:1      | Reached XP level 3. HP: 19/19 MP: 6/9
  1527 | D:2      | Learned a level 3 spell: Mephitic Cloud
  1765 | D:2      | Reached XP level 4. HP: 24/24 MP: 6/11
  2175 | D:3      | Identified the ring "Eholuu" {rElec Will+ SInv}
  2282 | D:3      | Quit the game

Illustrated notes

Levels and vault maps discovered:
D:1:      amcnicky_arrival_blooded_trapdoor, layout_loops_ring, serial_forest,
          infiniplex_forest_end_2, infiniplex_forest_lined_1,
          infiniplex_forest_lined_1, infiniplex_forest_clump_diagonal,
          infiniplex_forest_lined_3_way, infiniplex_forest_clump_medium,
          chequers_hall_statues_corner_a
D:2:      layout_rooms, minmay_misc_feat_more_columns, nrook_mini_vaults,
          corexii_hall_statues_i
D:3:      layout_basic, corexii_item_surrounded_by_moat, wad_rectangle_vault

Skill      XL: |  1  2  3 |
---------------+----------+-----
Stealth        | 3 |  3.4
Dodging        | 3 |  3.3
Conjurations   | 2 |  2.3
Spellcasting   | |  3.8
Alchemy        | |  3.9

Action                     |  1- 3 |  4- 6 || total
---------------------------+-------+-------++-------
  Melee: Spear             |     4 |       ||     4
         Dagger            |    13 |     9 ||    22
  Throw: Javelin           |     2 |       ||     2
   Cast: Sting             |    77 |    28 ||   105
         Mercury Vapours   |     7 |     2 ||     9
   Stab: Sleeping          |     1 |       ||     1
 Armour: Robe              |    24 |     6 ||    30
  Dodge: Dodged            |    30 |     7 ||    37
